 Dungeon Crawl Stone Soup version 0.29.1-1-gd02db6906a (webtiles) character file.

Game seed: 11595023809106819599

404 Linkola the Covered (level 6, -6/53 HPs)
             Began as a Minotaur Fighter on Sept 25, 2022.
             Mangled by a gnoll
             ... wielding a +2 vorpal halberd
             ... led by a gnoll bouda
              (13 damage)
             ... on level 5 of the Dungeon.
             The game lasted 00:07:54 (3703 turns).

Linkola the Covered (Minotaur Fighter)              Turns: 3703, Time: 00:07:55

Health: -6/53      AC:  9    Str: 23    XL:     6   Next: 56%
Magic:  5/5        EV: 10    Int:  5    God:
Gold:   261        SH:  0    Dex:  9    Spells: 5/5 levels left

rFire   + . .      SeeInvis .   o - +2 quarterstaff (chaos)
rCold   . . .      Faith    .   (shield currently unavailable)
rNeg    . . .      Spirit   .   b - +0 scale mail
rPois   .          Reflect  .   (helmet restricted)
rElec   .          Harm     .   p - +0 cloak
rCorr   .          Rampage  .   q - +0 pair of gloves
Will    .....                   (no boots)
Stlth   ..........              (no amulet)
HPRegen 0.17/turn               t - ring of protection from fire
MPRegen 0.09/turn               (no ring)

@: weakened
A: horns 2, retaliatory headbutt
a: no special abilities


You were on level 5 of the Dungeon.
You visited 1 branch of the dungeon, and saw 5 of its levels.

You collected 261 gold pieces.

Inventory:

Hand Weapons
 f - a +3 dagger of venom
 o - a +2 quarterstaff of chaos (weapon)
Missiles
 j - 28 stones (quivered)
 l - 6 poisoned darts
Armour
 b - a +0 scale mail (worn)
 c - a +0 buckler
 p - a +0 cloak (worn)
 q - a +0 pair of gloves (worn)
Jewellery
 t - a ring of protection from fire (left hand)
Wands
 r - a wand of acid (15)
Scrolls
 a - a scroll of enchant weapon {unknown}
 g - a scroll of immolation {unknown}
 h - a scroll of blinking {unknown}
 k - 4 scrolls of amnesia {unknown}
 m - 2 scrolls of poison {unknown}
 s - a scroll of torment {unknown}
 v - 4 scrolls of teleportation {unknown}
 w - a scroll of identify
Potions
 d - a potion of might
 e - a potion of resistance
 i - 4 potions of curing
 n - 3 potions of heal wounds
 u - a potion of haste {unknown}


   Skills:
 + Level 4.5 Fighting
 + Level 2.3 Short Blades
 + Level 3.0(3.3) Polearms
 + Level 2.0(2.9) Staves
 * Level 2.4 Throwing
 + Level 5.1 Armour
 * Level 2.5 Dodging
 + Level 4.4 Shields


You had 5 spell levels left.
You didn't know any spells.
Your spell library contained the following spells:

 Spells                   Type           Power      Damage    Failure   Level
 Ignite Poison            Fire/Tmut/Pois 0%         N/A       98%         3
 Mephitic Cloud           Conj/Pois/Air  0%         N/A       98%         3
 Ozocubu's Armour         Ice            0%         N/A       98%         3
 Freezing Cloud           Conj/Ice/Air   0%         6-21      100%        5
 Iskenderun's Battlesphe  Conj           0%         2d6       100%        5
 Metabolic Englaciation   Hex/Ice        0%         N/A       100%        5
 Iron Shot                Conj/Erth      0%         9d1       100%        6
 Simulacrum               Ice/Necr       0%         N/A       100%        6
 Spellforged Servitor     Conj/Summ      0%         N/A       100%        7


Dungeon Overview and Level Annotations

Branches:
Dungeon (5/15)
 Temple: D:4-7

Altars:
Fedhas
Gozag


Innate Abilities, Weirdness & Mutations

You have a pair of horns on your head.
You reflexively headbutt those who attack you in melee.


Message History

The gnoll bouda hits you with a +0 club!
You are too injured to fight recklessly!
You are too injured to fight recklessly!
You are too injured to fight recklessly!
You are too injured to fight recklessly!
You hit the gnoll bouda but do no damage.
The gnoll bouda is heavily wounded.
The gnoll closely misses you. You furiously retaliate!
You headbutt the gnoll. The gnoll hits you but does no damage.
The gnoll bouda hits you with a +0 club.
* * * LOW HITPOINT WARNING * * *
You closely miss the gnoll. Your headbutt misses the gnoll.
The gnoll is lightly wounded.
The gnoll barely misses you. You furiously retaliate!
You headbutt the gnoll. The gnoll barely misses you.
The gnoll bouda hits you but does no damage.
The gnoll bouda attacks as you move away!
The gnoll bouda hits you but does no damage.
The gnoll hits you but does no damage. x2
The gnoll closely misses you. The gnoll bouda closely misses you.
The gnoll hits you but does no damage. The gnoll barely misses you.
You furiously retaliate!
You headbutt the gnoll! The gnoll barely misses you.
The gnoll bouda attacks as you move away!
The gnoll bouda hits you with a +0 club.
* * * LOW HITPOINT WARNING * * *
The gnoll is no longer moving quickly.
The gnoll bouda barks out a call to the hunt!
The gnoll picks up the pace!
The gnoll barely misses you.
The gnoll bouda gazes fiercely through you!
You feel as though you will be weak longer.
The gnoll hits you with a +1 flail of holy wrath.
* * * LOW HITPOINT WARNING * * *
The gnoll barely misses you.
You thump the gnoll!
You kill the gnoll!
The gnoll is no longer moving quickly.
The gnoll hits you from afar with a +2 vorpal halberd!
You die...

... ##............#.[#.#
.... ..........##....#.#
...(. #.........##....#.#
.....###.####.........)..÷
......w........†..........
#.....g.......#.#.#.#
##.gg.........#.#....
##g##.#####.##......
#.@..# #......... ####.#
#.######.. #.# #.# #.# #.#
#.# #.# #.. .# #.# ### .#


You could see a gnoll bouda, a worm and a gnoll.

Vanquished Creatures
  An ice beast (D:5)
  A necrophage (D:4)
  A hound (D:5)
  Crazy Yiuf (D:2)
  Natasha (twice) (D:2)
  Robin (D:2)
  2 gnolls (D:5)
  2 adders
  A shadow imp (D:5)
  2 worms (D:2)
  3 dart slugs
  4 ball pythons
  4 endoplasms
  2 giant cockroaches
  16 goblins
  7 hobgoblins
  3 jackals (D:4)
  7 kobolds
  6 quokkas
  2 bats (D:1)
  A frilled lizard (D:1)
  11 rats
80 creatures vanquished.

Notes
Turn   | Place    | Note
-------+----------+-------------------------------------------
     0 | D:1      | Linkola the Minotaur Fighter began the quest for the Orb.
     0 | D:1      | Reached XP level 1. HP: 19/19 MP: 0/0
    60 | D:1      | Reached XP level 2. HP: 20/27 MP: 1/1
   598 | D:1      | Found a faded altar of an unknown god.
   706 | D:1      | Reached XP level 3. HP: 30/33 MP: 2/2
   840 | D:2      | Reached skill level 4 in Armour
   857 | D:2      | Noticed Robin
   886 | D:2      | Reached skill level 1 in Dodging
   895 | D:2      | Killed Robin
   896 | D:2      | Reached skill level 1 in Throwing
  1240 | D:2      | Reached XP level 4. HP: 32/40 MP: 3/3
  1376 | D:2      | Noticed Natasha
  1384 | D:2      | Killed Natasha
  1385 | D:2      | Reached skill level 1 in Short Blades
  1588 | D:2      | Found a runed translucent door.
  1589 | D:2      | Noticed Crazy Yiuf
  1707 | D:2      | Killed Crazy Yiuf
  2028 | D:2      | Noticed Natasha
  2033 | D:2      | Killed Natasha
  2034 | D:2      | Reached XP level 5. HP: 46/46 MP: 4/4
  2872 | D:4      | You fall into a shaft and drop 1 floor!
  2872 | D:5      | Entered Level 5 of the Dungeon
  2908 | D:5      | Noticed an ice beast
  2921 | D:5      | Killed an ice beast
  2922 | D:5      | Reached skill level 1 in Staves
  2922 | D:5      | Reached skill level 5 in Armour
  2922 | D:5      | Reached XP level 6. HP: 53/53 MP: 5/5
  3042 | D:4      | Found an opulent altar of Gozag.
  3045 | D:4      | Found a blossoming altar of Fedhas.
  3703 | D:5      | Mangled by a gnoll

Illustrated notes

Levels and vault maps discovered:
D:1:      nicolae_arrival_memento_mori, layout_basic,
          hellmonk_ecumenical_altar_leap_of_faith
D:2:      layout_rooms, uniq_natasha, uniq_robin, uniq_crazy_yiuf_cottage
D:3:      layout_loops_ring, minmay_splitting_lines
D:4:      layout_gridville, nicolae_overflow_squiral, gup_sewer_entry_bowl
D:5:      layout_loops_ring, marbit_many_paths

Skill      XL: |  1  2  3  4  5  6 |
---------------+-------------------+-----
Fighting       | 4 |  4.5
Shields        | 4 |  4.4
Armour         | 4 5 |  5.1
Dodging        | 1 2 |  2.5
Throwing       | 1 2 |  2.4
Short Blades   | 1 2 |  2.3
Polearms       | 3 |  3.0
Staves         | 1 2 |  2.0

Action                   |  1- 3 |  4- 6 || total
-------------------------+-------+-------++-------
Melee: Trident           |    38 |       ||    38
       Headbutt          |     7 |    12 ||    19
       Dagger            |    79 |    19 ||    98
       Quarterstaff      |       |    64 ||    64
Throw: Stone             |       |     1 ||     1
  Use: Scroll            |       |     5 ||     5
 Stab: Confused          |       |     1 ||     1
Armor: Scale mail        |    53 |    40 ||    93
Dodge: Dodged            |    35 |    44 ||    79
Block: Buckler           |    26 |     3 ||    29
